Map: Terraform LE (Void)

Players

HzVee

  • Race: Protoss Protoss

VeNoM - Winner!

  • Race: Zerg Zerg
  • League: Bronze

VOD

Have the link to the VOD?

Description

Time

  • Played on: Sept. 30, 2015, 8:22 p.m.
  • Length: 4:48
Show
View Real Time Build Order
Export as new Build Order

HzVee Protoss 

Build Orders:  

Get SALT Encoding   

  12  0:01  Probe (Chrono Boost)  
  13  0:11  Probe (Chrono Boost)  
  14  0:21  Probe (Chrono Boost)  
  14  0:22  Pylon  
  15  0:40  Probe (Chrono Boost)  
  15  0:41  Gateway  
  16  0:46  Assimilator  
  16  0:50  Probe (Chrono Boost)  
  17  1:05  Gateway  
  17  1:17  Gateway  
  17  1:20  Probe (Chrono Boost)  
  18  1:30  Probe (Chrono Boost)  
  19  1:34  Cybernetics Core  
  19  1:39  Assimilator  
  19  1:40  Probe (Chrono Boost)  
  20  1:53  Probe (Chrono Boost)  
  21  2:03  Probe (Chrono Boost)  
  21  2:04  Warp Gate (Chrono Boost)  
  21  2:05  Pylon  
  22  2:14  Probe  
  23  2:35  Zealot x2  
  27  2:43  Mothership Core  
  29  3:00  Pylon  
  29  3:12  Zealot  
  31  3:18  Zealot  
  32  3:33  Robotics Facility  
  32  3:36  Stargate  
  28  3:42  Gateway  
  26  3:50  Zealot x2  
  28  4:13  Stargate  
  28  4:32  Fleet Beacon  
Show
View Real Time Build Order
Export as new Build Order

VeNoM Zerg - Winner!

Build Orders: Pool First 

Get SALT Encoding   

  12  0:02  Drone  
  13  0:08  Drone  
  14  0:26  Spawning Pool  
  13  0:29  Extractor  
  13  0:32  Drone  
  14  0:35  Drone  
  14  0:46  Overlord  
  14  1:06  Drone x3  
  17  1:12  Queen  
  19  1:32  Metabolic Boost  
  19  1:37  Zergling x4  
  19  1:39  Zergling x2  
  22  1:54  Overlord  
  22  2:22  Hatchery  
  21  2:30  Hatchery  
  20  2:43  Zergling x10  
  25  2:53  Overlord  
  25  2:57  Zergling x2  
  26  3:10  Zergling x4  
  27  3:26  Zergling x8  
  30  3:36  Zergling x4  
  31  3:43  Queen  
  29  3:58  Zergling x2  
  30  4:09  Spore Crawler  
  29  4:18  Zergling x8  
  29  4:19  Zergling x2  
  33  4:26  Spine Crawler  
Tags
 
League
Bronze
Matchup
PvZ
Opening
Pool First
Replay Pack
HzVee P1
Add a new tag
Caveats
  • Supply blocks, unpowered buildings, or Contaminate may cause inaccurate times.
  • Supply counts are checked every 10 seconds.